| TOP OF THE 1ST |
|
Marion Mets batting - Pitching for Bluefield Grays : LHP Mike Rochford
|
|
Pitching: LHP Mike Rochford
|
|
|
Batting: RHB Thomas Wallace
|
0-0: Ball 1-0: Ball 2-0: Ball 3-0: Base on Balls
|
|
Batting: LHB Ricky de la Cruz
|
0-0: Called Strike 0-1: Ball 1-1: Fly out, F9 (Flyball, 9S, EV 93.1 MPH)
|
|
Batting: RHB Rey Quinones
|
0-0: Foul Ball, location: 2F 0-1: Swinging Strike 0-2: Ball 1-2: Ball 2-2: Ball 3-2: Fly out, F8 (Flyball, 8RXD, EV 97.5 MPH)
|
|
Batting: LHB Christopher Chapman
|
0-0: Called Strike 0-1: Called Strike 0-2: Ball 1-2: Fly out, F6 (Flyball, 6D, EV 81.9 MPH)
|
| Top of the 1st over - 0 runs, 0 hits, 0 errors, 1 left on base; Marion 0 - Bluefield 0 |
| BOTTOM OF THE 1ST |
|
Bluefield Grays batting - Pitching for Marion Mets : RHP Chuck Mathison
|
|
Pitching: RHP Chuck Mathison
|
|
|
Batting: RHB Felix Fermin
|
0-0: Ball 1-0: SINGLE (Line Drive, 34D, EV 95.6 MPH)
|
|
Batting: SHB Casey Candaele
|
0-0: Swinging Strike 0-1: Ball 1-1: Ball 2-1: Ball 3-1: Foul Ball, location: 2F 3-2: Base on Balls Felix Fermin to second
|
|
Batting: RHB Charlie Hayes
|
0-0: Ball 1-0: Ball 2-0: Called Strike 2-1: Ball 3-1: Foul Ball, location: 2F 3-2: Base on Balls Felix Fermin to third Casey Candaele to second
|
|
Batting: RHB Richard Diaz
|
0-0: Foul Ball, location: 2F 0-1: Ball 1-1: Ball Wild Pitch! Felix Fermin scores Casey Candaele to third Charlie Hayes to second 2-1: Ball 3-1: Ground out 6-3 (Groundball, 6M, EV 84.4 MPH) Casey Candaele scores Charlie Hayes to third
|
|
Batting: RHB David Martinez
|
0-0: Ball 1-0: Ball 2-0: Ball 3-0: Base on Balls
|
|
Batting: LHB David Price
|
0-0: Foul Ball, location: 2F 0-1: Foul Ball, location: 2F 0-2: SINGLE (Flyball, 78S, EV 98.8 MPH) Charlie Hayes scores David Martinez to second
|
|
Batting: RHB Sam Haley
|
0-0: Called Strike 0-1: Ball 1-1: Ball David Martinez is caught stealing 3rd base 2-5 David Price to second 2-1: Reached on error, E6 (Groundball, 6MD, EV 101.3 MPH) David Price to third
|
|
Batting: SHB Chris Maloney
|
0-0: Foul Ball, location: 2F 0-1: Ball 1-1: Called Strike 1-2: Ball 2-2: Ball 3-2: Fly out, F9 (Flyball, 89XD, EV 95.6 MPH)
|
| Bottom of the 1st over - 3 runs, 2 hits, 1 error, 2 left on base; Marion 0 - Bluefield 3 |
| TOP OF THE 2ND |
|
Marion Mets batting - Pitching for Bluefield Grays : LHP Mike Rochford
|
|
Batting: RHB Wayne Harrison
|
0-0: Called Strike 0-1: Ball 1-1: Foul Ball, location: 2F 1-2: Ball 2-2: Ball 3-2: Foul Ball, location: 2F 3-2: Foul Ball, location: 2F 3-2: Strikes out looking
|
|
Batting: RHB Bob Geren
|
0-0: Ball 1-0: Fly out, F7 (Line Drive, 7D, EV 92.5 MPH)
|
|
Batting: LHB Lorenzo Castillo
|
0-0: Called Strike 0-1: Foul Ball, location: 2F 0-2: Ball 1-2: SINGLE (Groundball, 25, EV 63.8 MPH) (infield hit)
|
|
Batting: SHB Sherman Webb
|
0-0: Ball 1-0: Swinging Strike 1-1: Foul Ball, location: 2F 1-2: Ball 2-2: Ball 3-2: Strikes out swinging
|
| Top of the 2nd over - 0 runs, 1 hit, 0 errors, 1 left on base; Marion 0 - Bluefield 3 |
| BOTTOM OF THE 2ND |
|
Bluefield Grays batting - Pitching for Marion Mets : RHP Chuck Mathison
|
|
Batting: SHB Alex Garcia
|
0-0: Called Strike 0-1: Ball 1-1: Foul Ball, location: 2F 1-2: Strikes out swinging
|
|
Batting: RHB Felix Fermin
|
0-0: Foul Ball, location: 2F 0-1: Ball 1-1: DOUBLE (Flyball, 8LD, EV 102.5 MPH)
|
|
Batting: SHB Casey Candaele
|
0-0: Ball 1-0: Foul Ball, location: 2F 1-1: Fly out, F8 (Line Drive, 8LD, EV 91.9 MPH) Runner from 2nd tags up, SAFE at 3rd with throw by CF
|
|
Batting: RHB Charlie Hayes
|
0-0: Ball 1-0: Called Strike 1-1: Fly out, F8 (Line Drive, 8RD, EV 104.4 MPH)
|
| Bottom of the 2nd over - 0 runs, 1 hit, 0 errors, 1 left on base; Marion 0 - Bluefield 3 |
| TOP OF THE 3RD |
|
Marion Mets batting - Pitching for Bluefield Grays : LHP Mike Rochford
|
|
Batting: RHB Jose Maldonado
|
0-0: Swinging Strike 0-1: Foul Ball, location: 2F 0-2: Strikes out looking
|
|
Batting: RHB Thomas Wallace
|
0-0: Swinging Strike 0-1: Ball 1-1: Ball 2-1: Ball 3-1: Base on Balls
|
|
Batting: LHB Ricky de la Cruz
|
0-0: Ball 1-0: Ball 2-0: Ground out 4-3 (Groundball, 34D, EV 105.0 MPH) Thomas Wallace to second
|
|
Batting: RHB Rey Quinones
|
0-0: Ball 1-0: Ball 2-0: Ball 3-0: Called Strike 3-1: Base on Balls
|
|
Batting: LHB Christopher Chapman
|
0-0: Called Strike 0-1: Called Strike 0-2: Foul Ball, location: 2F 0-2: Fielders Choice at 2nd, 6-4 (Groundball, 6, EV 83.8 MPH)
|
| Top of the 3rd over - 0 runs, 0 hits, 0 errors, 2 left on base; Marion 0 - Bluefield 3 |
| BOTTOM OF THE 3RD |
|
Bluefield Grays batting - Pitching for Marion Mets : RHP Chuck Mathison
|
|
Batting: RHB Richard Diaz
|
0-0: Ball 1-0: Called Strike 1-1: SINGLE (Line Drive, 89S, EV 99.4 MPH)
|
|
Batting: RHB David Martinez
|
0-0: Ball 1-0: Called Strike 1-1: Fly out, F8 (Flyball, 8LD, EV 100.6 MPH)
|
|
Batting: LHB David Price
|
0-0: Called Strike 0-1: Foul Ball, location: 2F 0-2: Fly out, F8 (Flyball, 78M, EV 88.8 MPH)
|
|
Batting: RHB Sam Haley
|
0-0: Called Strike 0-1: Swinging Strike 0-2: Ball 1-2: Strikes out swinging
|
| Bottom of the 3rd over - 0 runs, 1 hit, 0 errors, 1 left on base; Marion 0 - Bluefield 3 |
| TOP OF THE 4TH |
|
Marion Mets batting - Pitching for Bluefield Grays : LHP Mike Rochford
|
|
Batting: RHB Wayne Harrison
|
0-0: Called Strike 0-1: Foul Ball, location: 2F 0-2: Foul Ball, location: 2F 0-2: Strikes out swinging
|
|
Batting: RHB Bob Geren
|
0-0: Ball 1-0: Swinging Strike 1-1: Swinging Strike 1-2: Ball 2-2: Ball 3-2: Foul Ball, location: 2F 3-2: Strikes out looking
|
|
Batting: LHB Lorenzo Castillo
|
0-0: Swinging Strike 0-1: Ground out 1-3 (Groundball, 34S, EV 73.8 MPH)
|
| Top of the 4th over - 0 runs, 0 hits, 0 errors, 0 left on base; Marion 0 - Bluefield 3 |
| BOTTOM OF THE 4TH |
|
Bluefield Grays batting - Pitching for Marion Mets : RHP Chuck Mathison
|
|
Batting: SHB Chris Maloney
|
0-0: Called Strike 0-1: Ball 1-1: DOUBLE (Flyball, 8RXD, EV 109.4 MPH)
|
|
Batting: SHB Alex Garcia
|
0-0: Ground out 3-1 (Groundball, 34, EV 81.3 MPH) Chris Maloney to third
|
|
Batting: RHB Felix Fermin
|
0-0: Foul Ball, location: 2F 0-1: Ball 1-1: SINGLE (Line Drive, 4MD, EV 97.5 MPH) Chris Maloney scores
|
|
Batting: SHB Casey Candaele
|
0-0: Ball 1-0: Fly out, F6 (Flyball, 56D, EV 84.4 MPH)
|
|
Batting: RHB Charlie Hayes
|
0-0: Called Strike 0-1: Ball 1-1: Called Strike 1-2: Foul Ball, location: 2F 1-2: Strikes out swinging
|
| Bottom of the 4th over - 1 run, 2 hits, 0 errors, 1 left on base; Marion 0 - Bluefield 4 |
| TOP OF THE 5TH |
|
Marion Mets batting - Pitching for Bluefield Grays : LHP Mike Rochford
|
|
Batting: SHB Sherman Webb
|
0-0: Called Strike 0-1: Foul Ball, location: 2F 0-2: Foul Ball, location: 2F 0-2: Foul Ball, location: 2F 0-2: Ball 1-2: Strikes out swinging
|
|
Batting: RHB Jose Maldonado
|
0-0: Foul Ball, location: 2F 0-1: Swinging Strike 0-2: Foul Ball, location: 2F 0-2: Ball 1-2: Ground out 5-3 (Groundball, 5, EV 104.4 MPH)
|
|
Batting: RHB Thomas Wallace
|
0-0: Called Strike 0-1: Ball 1-1: Ball 2-1: Swinging Strike 2-2: Ball 3-2: Strikes out swinging
|
| Top of the 5th over - 0 runs, 0 hits, 0 errors, 0 left on base; Marion 0 - Bluefield 4 |
| BOTTOM OF THE 5TH |
|
Bluefield Grays batting - Pitching for Marion Mets : RHP Chuck Mathison
|
|
Batting: RHB Richard Diaz
|
0-0: Foul Ball, location: 2F 0-1: Foul Ball, location: 2F 0-2: Ball 1-2: Ball 2-2: DOUBLE (Line Drive, 89XD, EV 101.9 MPH)
|
|
Batting: RHB David Martinez
|
0-0: Ball 1-0: Foul Ball, location: 2F 1-1: Foul Ball, location: 2F 1-2: Ball 2-2: Strikes out swinging
|
|
Batting: LHB David Price
|
0-0: Foul Ball, location: 2F 0-1: Foul Ball, location: 2F 0-2: Ball 1-2: Ball 2-2: Foul Ball, location: 2F 2-2: Fly out, F8 (Flyball, 8LXD, EV 81.9 MPH) Runner from 2nd tags up, SAFE at 3rd, no throw by CF
|
|
Batting: RHB Sam Haley
|
0-0: Ball 1-0: Swinging Strike 1-1: Swinging Strike 1-2: Ball 2-2: Fly out, F8 (Line Drive, 8RM, EV 94.4 MPH)
|
| Bottom of the 5th over - 0 runs, 1 hit, 0 errors, 1 left on base; Marion 0 - Bluefield 4 |
| TOP OF THE 6TH |
|
Marion Mets batting - Pitching for Bluefield Grays : LHP Mike Rochford
|
|
Batting: LHB Ricky de la Cruz
|
0-0: Ball 1-0: Ball 2-0: Called Strike 2-1: Ball 3-1: Ground out U3 (Groundball, 34, EV 83.8 MPH)
|
|
Batting: RHB Rey Quinones
|
0-0: Fly out, F8 (Flyball, 8RD, EV 109.4 MPH)
|
|
Batting: LHB Christopher Chapman
|
0-0: Ball 1-0: Called Strike 1-1: SINGLE (Line Drive, 4MD, EV 96.3 MPH)
|
|
Batting: RHB Wayne Harrison
|
0-0: Ball Wild Pitch! Christopher Chapman to second 1-0: Ball 2-0: Ball 3-0: Called Strike 3-1: Ground out 5-3 (Groundball, 5L, EV 100.0 MPH)
|
| Top of the 6th over - 0 runs, 1 hit, 0 errors, 1 left on base; Marion 0 - Bluefield 4 |
| BOTTOM OF THE 6TH |
|
Bluefield Grays batting - Pitching for Marion Mets : RHP Chuck Mathison
|
|
Batting: SHB Chris Maloney
|
0-0: Foul Ball, location: 2F 0-1: Ball 1-1: Ball 2-1: Ball 3-1: Fly out, F9 (Line Drive, 9, EV 99.4 MPH)
|
|
Batting: SHB Alex Garcia
|
0-0: Fly out, F6 (Popup, 6M, EV 66.3 MPH)
|
|
Batting: RHB Felix Fermin
|
0-0: Ball 1-0: Called Strike 1-1: Fly out, F8 (Line Drive, 8LM, EV 106.9 MPH)
|
| Bottom of the 6th over - 0 runs, 0 hits, 0 errors, 0 left on base; Marion 0 - Bluefield 4 |
| TOP OF THE 7TH |
|
Marion Mets batting - Pitching for Bluefield Grays : LHP Mike Rochford
|
|
Batting: RHB Bob Geren
|
0-0: Foul Ball, location: 2F 0-1: Called Strike 0-2: Strikes out swinging
|
|
Batting: LHB Lorenzo Castillo
|
0-0: Called Strike 0-1: Ball 1-1: Called Strike 1-2: Fly out, F3 (Line Drive, 3, EV 64.4 MPH)
|
|
Batting: SHB Sherman Webb
|
0-0: Foul Ball, location: 2F 0-1: Ball 1-1: Ball 2-1: Ball 3-1: Base on Balls
|
|
Batting: RHB Jose Maldonado
|
0-0: Called Strike 0-1: Ground out 6-3 (Groundball, 6S, EV 71.9 MPH)
|
| Top of the 7th over - 0 runs, 0 hits, 0 errors, 1 left on base; Marion 0 - Bluefield 4 |
| BOTTOM OF THE 7TH |
|
Bluefield Grays batting - Pitching for Marion Mets : RHP Chuck Mathison
|
|
Batting: SHB Casey Candaele
|
0-0: Ball 1-0: Called Strike 1-1: Swinging Strike 1-2: Ground out 6-3 (Groundball, 6, EV 83.8 MPH)
|
|
Batting: RHB Charlie Hayes
|
0-0: SINGLE (Flyball, 3D, EV 84.4 MPH)
|
|
Batting: RHB Richard Diaz
|
0-0: Fly out, F9 (Line Drive, 9, EV 90.0 MPH)
|
|
Batting: RHB David Martinez
|
0-0: Ball 1-0: Reached on error, E1 (Groundball, 34S, EV 73.1 MPH) Charlie Hayes to third
|
|
Batting: LHB David Price
|
0-0: Ball 1-0: Ball 2-0: Ball 3-0: Called Strike 3-1: Called Strike 3-2: Base on Balls
|
|
Batting: RHB Sam Haley
|
0-0: Ball 1-0: Fielders Choice at 2nd, 6-4 (Groundball, 6, EV 91.3 MPH)
|
| Bottom of the 7th over - 0 runs, 1 hit, 1 error, 3 left on base; Marion 0 - Bluefield 4 |
| TOP OF THE 8TH |
|
Marion Mets batting - Pitching for Bluefield Grays : LHP Mike Rochford
|
|
Batting: RHB Thomas Wallace
|
0-0: Called Strike 0-1: Ball 1-1: Swinging Strike 1-2: Strikes out swinging
|
|
Batting: LHB Ricky de la Cruz
|
0-0: Called Strike 0-1: Ground out 5-3 (Groundball, 56, EV 86.3 MPH)
|
|
Batting: RHB Rey Quinones
|
0-0: Ball 1-0: Fly out, F8 (Flyball, 78S, EV 85.0 MPH)
|
| Top of the 8th over - 0 runs, 0 hits, 0 errors, 0 left on base; Marion 0 - Bluefield 4 |
| BOTTOM OF THE 8TH |
|
Bluefield Grays batting - Pitching for Marion Mets : RHP Chuck Mathison
|
|
Batting: SHB Chris Maloney
|
0-0: Called Strike 0-1: Fly out, F7 (Flyball, 78XD, EV 80.6 MPH)
|
|
Batting: SHB Alex Garcia
|
0-0: Called Strike 0-1: Swinging Strike 0-2: Fly out, F4 (Flyball, 34D, EV 82.5 MPH)
|
|
Batting: RHB Felix Fermin
|
0-0: Ball 1-0: Called Strike 1-1: Foul Ball, location: 2F 1-2: Fly out, F9 (Line Drive, 9, EV 93.8 MPH)
|
| Bottom of the 8th over - 0 runs, 0 hits, 0 errors, 0 left on base; Marion 0 - Bluefield 4 |
| TOP OF THE 9TH |
|
Marion Mets batting - Pitching for Bluefield Grays : LHP Mike Rochford
|
|
Batting: LHB Christopher Chapman
|
0-0: Called Strike 0-1: Ball 1-1: Ball 2-1: Fly out, F5 (Flyball, 56D, EV 88.8 MPH)
|
|
Batting: RHB Wayne Harrison
|
0-0: Called Strike 0-1: Foul Ball, location: 2F 0-2: Ball 1-2: Ball 2-2: Ball 3-2: SINGLE (Flyball, 9S, EV 96.3 MPH)
|
|
Batting: RHB Bob Geren
|
0-0: Ball 1-0: Ball 2-0: Foul Ball, location: 2F 2-1: Ball 3-1: Base on Balls Wayne Harrison to second
|
|
Batting: LHB Lorenzo Castillo
|
0-0: Foul Ball, location: 2F 0-1: Fielders Choice at 2nd, 1-6 (Groundball, P, EV 73.1 MPH) Wayne Harrison to third
|
|
Batting: SHB Sherman Webb
|
0-0: Foul Ball, location: 2F 0-1: Foul Ball, location: 2F 0-2: Foul Ball, location: 2F 0-2: Foul Ball, location: 2F 0-2: Ball 1-2: Ball 2-2: Foul Ball, location: 2F 2-2: SINGLE (Groundball, 56D, EV 97.5 MPH) Wayne Harrison scores Lorenzo Castillo to second
|
|
Pitching: LHP Franklin Angel
|
|
|
Now at 3B: Steven Wolff
|
|
|
Now in CF: Eduardo Sanchez
|
|
|
Pinch Hitting: LHB Jeff Schulz
|
0-0: Ball 1-0: Ball 2-0: Called Strike 2-1: SINGLE (Flyball, 78M, EV 87.5 MPH) Lorenzo Castillo to third Sherman Webb to second
|
|
Batting: RHB Thomas Wallace
|
0-0: Called Strike 0-1: Ball 1-1: Ball 2-1: Foul Ball, location: 2F 2-2: Fly out, F8 (Flyball, 8LM, EV 83.1 MPH)
|
| Top of the 9th over - 1 run, 3 hits, 0 errors, 3 left on base; Marion 1 - Bluefield 4 |
|